 Dungeon Crawl Stone Soup version 0.28-a0-643-g84cb2ea78e (webtiles) character file.

Game seed: 13132418079864286679

396 Sabo the Covert (level 6, -1/41 HPs)
             Began as an Octopode Brigand on Oct 10, 2021.
             Was a Follower of the Shining One.
             Slain by a gnoll (3 damage)
             ... on level 4 of the Dungeon.
             The game lasted 00:15:32 (3892 turns).

Sabo the Covert (Octopode Brigand)                  Turns: 3892, Time: 00:15:33

Health: -1/41      AC:  1    Str: 12    XL:     6   Next: 82%
Magic:  0/6        EV: 13    Int: 13    God:    the Shining One [*.....]
Gold:   58         SH:  0    Dex: 14    Spells: 5/5 levels left

rFire   . . .      SeeInvis .   a - +2 dagger
rCold   . . .      Faith    .   (no shield)
rNeg    . . .      Spirit   +   (helmet restricted)
rPois   .          Reflect  .   m - amulet of guardian spirit
rElec   .          Harm     .   (no ring)
rCorr   .          Rampage  .   (no ring)
Will    .....                   (no ring)
Stlth   ++........              (no ring)
HPRegen 0.13/turn               (no ring)
MPRegen 0.10/turn               (no ring)
                                (no ring)
                                (no ring)

@: glowing
A: almost no armour, amphibious, 8 rings, camouflage 1, gelatinous body 1,
(nimble swimmer 1), tentacles
a: Renounce Religion


You were on level 4 of the Dungeon.
You worshipped the Shining One.
The Shining One was aware of your devotion.
You visited 1 branch of the dungeon, and saw 4 of its levels.

You collected 58 gold pieces.

Inventory:

Hand Weapons
 a - a +2 dagger (weapon)
 f - a +0 hunting sling
Missiles
 b - 8 poisoned darts (quivered)
 c - 2 curare-tipped darts
 d - 46 arrows
 i - 29 sling bullets
 n - 14 bolts
Jewellery
 m - an amulet of guardian spirit (around mantle)
Wands
 s - a wand of flame (14)
Scrolls
 h - a scroll of teleportation
 j - a scroll of silence
 o - a scroll of torment {unknown}
 p - a scroll of fog {unknown}
 q - a scroll of fear {unknown}
 r - a scroll of amnesia {unknown}
Potions
 e - a potion of curing {unknown}
 g - a potion of resistance {unknown}
 k - a potion of flight {unknown}
 l - a potion of ambrosia {unknown}
 t - a potion of might {unknown}


   Skills:
 + Level 2.6 Fighting
 + Level 3.3 Short Blades
 + Level 2.0 Throwing
 + Level 2.3 Dodging
 + Level 9.4 Stealth


You had 5 spell levels left.
You didn't know any spells.
Your spell library contained the following spells:

 Spells                   Type           Power      Damage    Failure   Level
 Apportation              Tloc           0%         N/A       30%         1
 Alistair's Intoxication  Tmut/Pois      0%         N/A       100%        5
 Invisibility             Hex            0%         N/A       100%        6


Dungeon Overview and Level Annotations

Branches:
Dungeon (4/15)
 Temple: D:4-7

Altars:
Wu Jian
Xom
The Shining One

Shops:
D:1 ?*(:


Innate Abilities, Weirdness & Mutations

You cannot wear most types of armour.
You are amphibious.
You can wear up to eight rings at the same time.
Your skin changes colour to match your surroundings (Stealth+).
Your rubbery body absorbs attacks. (AC +1, EV +1)
((You are camouflaged near water. (Stealth+)))
You have tentacles for arms and can constrict up to eight enemies at once.


Message History

HP restored. 2 gnolls come into view.
The gnoll shouts!
A gnoll comes into view. It is wielding a +0 spear.
The gnoll shouts!
You hear a shout!
The gnoll closely misses you.
You hit the gnoll. Your grab misses the gnoll.
The gnoll is lightly wounded.
The gnoll hits you from afar with a +0 spear.
The gnoll hits you with a +0 spear!
You hit the gnoll. You grab the gnoll.
The gnoll is heavily wounded.
You constrict the gnoll.
The gnoll hits you from afar with a +0 spear.
The gnoll hits you with a +0 spear.
You hit the gnoll. You squeeze the gnoll.
You kill the gnoll!
The gnoll misses you. x2
The gnoll hits you from afar with a +0 trident!
The gnoll barely misses you. The gnoll completely misses you.
Things that are here:
a +0 spear; 20 stones You hit the gnoll.
Your grab misses the gnoll.
The gnoll is moderately wounded.
The gnoll barely misses you.
The gnoll misses you. x2; The gnoll closely misses you.
You hit the gnoll but do no damage. Your grab misses the gnoll.
The gnoll misses you. The gnoll hits you with a +0 trident.
* * * LOW HITPOINT WARNING * * *
You hit the gnoll. You grab the gnoll.
The gnoll is lightly wounded.
You constrict the gnoll. The gnoll hits you with a +0 spear!
* * * LOW HITPOINT WARNING * * *
The gnoll hits you with a +0 spear.
* * * LOW HITPOINT WARNING * * *
The gnoll misses you.
You hit the gnoll.
The gnoll is moderately wounded.
You constrict the gnoll. The gnoll hits you with a +0 spear.
You die...

##################
#####
#......)........<#
# ...#
#.################
#.###.###.#
#..<....g)#
#.....).g@#
#..........g#
...........##
..#........#
.............
..........?###
##.#........
#.........#.


You could see 3 gnolls.

Vanquished Creatures
  A necrophage (D:4)
  An ogre (D:4)
  A jelly (D:2)
  Crazy Yiuf (D:3)
  Jessica (D:3)
  Natasha (thrice) (D:3)
  A gnoll (D:4)
  A white imp (D:3)
  2 worms
  2 dart slugs (D:1)
  An orc (D:3)
  2 endoplasms
  2 giant cockroaches
  2 goblins
  3 hobgoblins
  6 kobolds
  A quokka (D:1)
  8 ball pythons
  3 bats
  A frilled lizard (D:2)
  7 rats
50 creatures vanquished.

Notes
Turn   | Place    | Note
-------+----------+-------------------------------------------
     0 | D:1      | Sabo the Octopode Brigand began the quest for the Orb.
     0 | D:1      | Reached XP level 1. HP: 14/14 MP: 1/1
   187 | D:1      | Reached XP level 2. HP: 19/19 MP: 2/2
   243 | D:1      | Reached skill level 6 in Stealth
   678 | D:1      | Found Mebaadgh's General Store.
   858 | D:1      | Found Piodgh's Magic Scroll Emporium.
   935 | D:1      | Reached XP level 3. HP: 24/24 MP: 3/3
  1059 | D:1      | Found Hoxonar's Weapon Shoppe.
  1106 | D:1      | Found Iwotaont's Book Boutique.
  1575 | D:2      | Reached skill level 7 in Stealth
  1575 | D:2      | Reached XP level 4. HP: 29/29 MP: 4/4
  1696 | D:2      | Found a faded altar of an unknown god.
  1714 | D:2      | Prayed at the altar of an unknown god.
  1714 | D:2      | Became a worshipper of the Shining One
  1714 | D:2      | Reached * piety under the Shining One
  2136 | D:3      | Found a runed translucent door.
  2183 | D:3      | Noticed Jessica
  2191 | D:3      | Killed Jessica
  2504 | D:3      | Found a shimmering altar of Xom.
  2577 | D:3      | Found an ornate altar of the Wu Jian Council.
  2590 | D:3      | Reached skill level 8 in Stealth
  2839 | D:3      | Noticed Natasha
  2847 | D:3      | Killed Natasha
  2848 | D:3      | Reached XP level 5. HP: 11/34 MP: 2/5
  3133 | D:3      | Noticed Natasha
  3142 | D:3      | Killed Natasha
  3186 | D:3      | Noticed Crazy Yiuf
  3197 | D:3      | Killed Crazy Yiuf
  3537 | D:3      | Noticed Natasha
  3550 | D:3      | Killed Natasha
  3628 | D:4      | Noticed an ogre
  3643 | D:4      | Killed an ogre
  3644 | D:4      | Reached skill level 9 in Stealth
  3644 | D:4      | Reached XP level 6. HP: 24/41 MP: 4/6
  3778 | D:4      | Noticed a necrophage
  3788 | D:4      | Killed a necrophage
  3891 | D:4      | HP: 2/41 [gnoll (2)]
  3892 | D:4      | Slain by a gnoll

Illustrated notes

Levels and vault maps discovered:
D:1:      amcnicky_arrival_flooded_fountain, layout_loops_ring, serial_shops,
          shop_statue, shop, shop_fountains, shop, nicolae_lakefront_shop,
          hex_large
D:2:      layout_basic, dreamdust_ecumenical_altar_grove
D:3:      layout_basic, mainiacjoe_overflow_paths, lemuel_doored_altar,
          uniq_crazy_yiuf_cottage, uniq_jessica, uniq_natasha
D:4:      layout_basic

Skill      XL: |  1  2  3  4  5  6 |
---------------+-------------------+-----
Stealth        | 6 7 8 9 |  9.4
Dodging        | 2 |  2.3
Short Blades   | 3 |  3.3
Fighting       | |  2.6
Throwing       | |  2.0

Action                   |  1- 3 |  4- 6 || total
-------------------------+-------+-------++-------
Melee: Dagger            |    45 |    70 ||   115
       Tentacles         |     9 |    12 ||    21
       Constrict         |     9 |    13 ||    22
  Use: Scroll            |       |     2 ||     2
 Stab: Sleeping          |    10 |     1 ||    11
Armor: Skin              |     5 |     4 ||     9
Dodge: Dodged            |    23 |    34 ||    57

Table legend: (Time is in decaauts)
 A = Elapsed time spent in this place.
 B = Non-inter-level travel time spent in this place.
 C = Inter-level travel time spent in this place.
 D = Time resting spent in this place.
 E = Time spent auto-exploring this place.
 F = Levels seen in this place.
 G = Mean time per level.
                   A        B        C        D        E       F      G
               +--------+--------+--------+--------+--------+-----+--------+
         Total |   3876 |   3876 |      0 |   1560 |      0 |   4 |  969.0 |
       Dungeon |   3876 |   3876 |      0 |   1560 |      0 |   4 |  969.0 |
               +--------+--------+--------+--------+--------+-----+--------+

Top non-repeatable levels by time:
     D:3: 1588 daAuts
     D:1: 1232 daAuts
     D:2: 792 daAuts
     D:4: 263 daAuts
